 Dungeon Crawl Stone Soup version 0.32-a0-407-g4da7c8d6d1 (webtiles) character file.

Game seed: 12695173486652226983

49 senseless the Vexing (level 3, -2/27 HPs)
             Began as a Coglin Hexslinger on Feb 20, 2024.
             Slain by a ribbon worm (8 damage)
             ... on level 2 of the Dungeon.
             The game lasted 00:03:40 (1191 turns).

senseless the Vexing (Coglin Hexslinger)            Turns: 1191, Time: 00:03:40

Health: -2/27      AC:  2    Str:  8    XL:     3   Next: 75%
Magic:  4/5        EV: 12    Int: 12    God:
Gold:   67         SH:  0    Dex: 18    Spells: 3/5 levels left

rFire   + . .        a - +1 sling {Diego}
rCold   + . .        (no shield)
rNeg    . . .        c - +0 robe
rPois   .            (no helmet)
rElec   .            (no cloak)
rCorr   .            (no gloves)
SInv    .            (no boots)
Will    .....        (no amulet)
Stlth   ++           d - ring of protection from cold
HPRegen 0.24/turn    i - ring of protection from fire
MPRegen 0.09/turn

%: no passive effects
@: revved
A: off-hand wielding, slow wielding, warmup strikes, legs shutdown
a: no special abilities


You were on level 2 of the Dungeon.
You visited 1 branch of the dungeon, and saw 2 of its levels.

You collected 67 gold pieces.

Inventory:

Hand Weapons
 a - a +1 sling (weapon) {Diego}
Armour
 c - a +0 robe (worn)
Jewellery
 d - a ring of protection from cold (left grasper)
 i - a ring of protection from fire (right grasper)
Scrolls
 b - a scroll of poison
 g - a scroll of silence {unknown}
Potions
 e - 2 potions of attraction {unknown}
 f - a potion of lignification {unknown}
 h - a potion of ambrosia {unknown}
 j - a potion of heal wounds {unknown}


   Skills:
 + Level 1.6 Fighting
 + Level 2.2 Ranged Weapons
 + Level 2.2 Dodging
 + Level 1.5 Spellcasting
 + Level 3.0 Hexes
 - Level 0.8 Fire Magic


You had 3 spell levels left.
You knew the following spells:

 Your Spells              Type           Power      Damage    Failure   Level
a - Jinxbite              Hex            16%        N/A       12%         2

Your spell library contained the following spells:

 Spells                   Type           Power      Damage    Failure   Level
 Sigil of Binding         Hex            8%         N/A       24%         3
 Magic Dart               Conj           0%         1d3       28%         1
 Inner Flame              Hex/Fire       5%         N/A       36%         3
 Blink                    Tloc           0%         N/A       41%         2
 Call Imp                 Summ           0%         N/A       41%         2
 Cause Fear               Hex            4%         N/A       63%         4
 Dimensional Bullseye     Hex/Tloc       2%         N/A       83%         4


Dungeon Overview and Level Annotations

Branches:
Dungeon (2/15)

Altars:


Innate Abilities, Weirdness & Mutations

You can wield a second weapon in your off-hand.
It takes a long time for you to wield or remove held weapons.
Your first few attacks do less damage.
Attacking and casting redirects power from your legs.


Message History

The web tears apart.
The ribbon worm bites you.
Your magical contamination has completely faded away.
You shoot a sling bullet. The sling bullet hits the ribbon worm.
The ribbon worm is moderately wounded.
The ribbon worm closely misses you.
You shoot a sling bullet.
The sling bullet barely misses the ribbon worm.
The ribbon worm bites you!
You shoot a sling bullet. The sling bullet hits the ribbon worm.
The ribbon worm is moderately wounded.
The ribbon worm expels a string of sticky webbing.
The stream of webbing misses you.
You shoot a sling bullet. The sling bullet hits the ribbon worm.
The ribbon worm is moderately wounded.
The ribbon worm bites you.
You shoot a sling bullet. The sling bullet hits the ribbon worm.
The ribbon worm is heavily wounded.
The ribbon worm bites you.
You shoot a sling bullet.
The sling bullet barely misses the ribbon worm.
The ribbon worm bites you.
You shoot a sling bullet. The sling bullet hits the ribbon worm!
The ribbon worm is almost dead.
The ribbon worm misses you.
You shoot a sling bullet. The sling bullet hits the ribbon worm.
The ribbon worm is almost dead.
The ribbon worm expels a string of sticky webbing.
The stream of webbing hits you but does no damage.
You are caught in a web!
You cannot shoot with your sling while caught in a web.
The web tears apart.
The ribbon worm expels a string of sticky webbing.
The stream of webbing hits you but does no damage.
You are caught in a web!
The web tears apart.
The ribbon worm bites you.
* * * LOW HITPOINT WARNING * * *
You shoot a sling bullet. The sling bullet hits the ribbon worm.
The ribbon worm is almost dead.
The ribbon worm bites you!
You die...

#........##########..##.
#.###.##............###.
#.###.############......
#..........# #.####.
#...>......# #.# ##
#..........# #.# #
#>.........# ####.# #
#....).....####....# #
#......@........#### #
#......w..<......#######
#...........####......##
#...........# ######...
#......)....# ####
##.#####..##############
#. .###.....#.....# .
###.............
#..............


You could see a ribbon worm.

Vanquished Creatures
  4 bats
  5 endoplasms
  A giant cockroach (D:1)
  5 goblins (D:1)
  2 jackals (D:1)
  A quokka (D:1)
  3 frilled lizards (D:1)
  5 kobolds
26 creatures vanquished.

Notes
Turn   | Place    | Note
-------+----------+-------------------------------------------
     0 | D:1      | senseless the Coglin Hexslinger began the quest for the
                  | Orb.
     0 | D:1      | Reached XP level 1. HP: 15/15 MP: 2/2
    91 | D:1      | Reached XP level 2. HP: 21/21 MP: 3/3
    94 | D:1      | Learned a level 2 spell: Jinxbite
   282 | D:1      | Reached XP level 3. HP: 26/26 MP: 4/4
   572 | D:1      | Reached skill level 3 in Hexes
  1191 | D:2      | Slain by a ribbon worm

Illustrated notes

Levels and vault maps discovered:
D:1:      dpeg_arrival_rooms_with_view, layout_loops_corners
D:2:      layout_rooms, uniq_robin

Skill      XL: |  1  2  3 |
---------------+----------+-----
Ranged Weapons | 2 |  2.2
Dodging        | 2 |  2.2
Hexes          | 3 |  3.0
Fighting       | |  1.6
Spellcasting   | |  1.5
Fire Magic     | |  0.8

Action                     || total
---------------------------++-------
   Fire: Sling             ||   103
   Cast: Jinxbite          ||     1
 Armour: Robe              ||    25
  Dodge: Dodged            ||    44

Table legend: (Time is in decaauts)
 A = Elapsed time spent in this place.
 B = Non-inter-level travel time spent in this place.
 C = Inter-level travel time spent in this place.
 D = Time resting spent in this place.
 E = Time spent auto-exploring this place.
 F = Levels seen in this place.
 G = Mean time per level.
                   A        B        C        D        E       F      G
               +--------+--------+--------+--------+--------+-----+--------+
         Total |   1220 |   1213 |      7 |      0 |   1024 |   2 |  610.0 |
       Dungeon |   1220 |   1213 |      7 |      0 |   1024 |   2 |  610.0 |
               +--------+--------+--------+--------+--------+-----+--------+

Top non-repeatable levels by time:
     D:1: 945 daAuts
     D:2: 274 daAuts
